 Dungeon Crawl Stone Soup version 0.27.0-1-g7a089689b8 (webtiles) character file.

Game seed: 10169270527131979714

82668 SnakkuSnakku7 the Bludgeoner (level 16, -14/122 HPs)
             Began as a Formicid Berserker on Aug 12, 2021.
             Was the Champion of Trog.
             Killed from afar by a blizzard demon (47 damage)
             ... with a bolt of cold
             ... on level 2 of the Abyss.
             The game lasted 00:47:46 (24081 turns).

SnakkuSnakku7 the Bludgeoner (Formicid Berserker)  Turns: 24081, Time: 00:47:46

Health: -14/122    AC: 35    Str: 23    XL:     16   Next: 22%
Magic:  0/16       EV:  8    Int:  8    God:    Trog [******]
Gold:   1974       SH: 20    Dex: 15    Spells: 15/15 levels left

rFire    + . .     SeeInvis +   a - +7 great mace (elec)
rCold    . . .     Faith    .   l - +0 tower shield
rNeg     . . .     Spirit   +   Y - +8 plate armour {rF+}
rPois    .         Reflect  .   (helmet unavailable)
rElec    .         Harm     .   L - +0 cloak
rCorr    .         Rampage  .   o - +1 pair of gloves
Will     +....                  e - +0 pair of boots
Stlth    ..........             D - amulet of guardian spirit
HPRegen  0.30/turn              U - +4 ring of protection
MPRegen  0.15/turn              M - +4 ring of protection

@: no status effects
A: permanent stasis, dig shafts and tunnels, antennae 3, four strong arms
a: Dig, Shaft Self, Renounce Religion, Trog's Hand, Brothers in Arms


You were on level 2 of the Abyss.
You worshipped Trog.
Trog was exalted by your worship.
You visited 3 branches of the dungeon, and saw 22 of its levels.
You visited the Abyss 1 time.
You also visited: Sewer, Ossuary and Gauntlet.

You collected 2325 gold pieces.
You spent 351 gold pieces at shops.

Inventory:

Hand Weapons
 a - a +7 great mace of electrocution (weapon)
 f - a +3 great mace
Missiles
 k - 8 curare-tipped darts (quivered)
 v - 5 throwing nets
Armour
 e - a +0 pair of boots (worn)
 l - a +0 tower shield (worn)
 o - a +1 pair of gloves (worn)
 L - a +0 cloak (worn)
 Y - a +8 plate armour of fire resistance (worn)
Jewellery
 h - an amulet of reflection
 B - a ring of protection from cold
 D - an amulet of guardian spirit (around neck)
 G - the ring of Darkness {rElec rF+ rC+ Slay-4 SInv}
   (You took it off a gnoll shaman on level 6 of the Dungeon)

   [ring of protection from cold]

   Slay:      It affects your accuracy & damage with ranged weapons and melee
   (-4).
   rF:        It protects you from fire.
   rC:        It protects you from cold.
   rElec:     It insulates you from electricity.
   SInv:      It lets you see invisible.
 I - a ring of protection from cold
 M - a +4 ring of protection (right hand)
 U - a +4 ring of protection (left hand)
Wands
 b - a wand of flame (9)
 m - a wand of digging (9)
 u - a wand of paralysis (18)
 N - a wand of acid (15)
 P - a wand of iceblast (30)
 R - a wand of mindburst (17)
 V - a wand of charming (10)
Scrolls
 c - 3 scrolls of magic mapping
 j - 3 scrolls of fog
 n - a scroll of summoning
 q - 4 scrolls of immolation
 y - 2 scrolls of silence
 E - a scroll of enchant armour
 Q - 4 scrolls of identify
Potions
 p - 8 potions of attraction
 r - a potion of magic
 s - a potion of ambrosia
 t - 10 potions of curing
 w - a potion of mutation
 x - 5 potions of might
 z - 5 potions of resistance
 A - 5 potions of invisibility
 C - 4 potions of flight
 F - 6 potions of heal wounds
 K - 2 potions of lignification
Miscellaneous
 d - a box of beasts
 g - a tin of tremorstones (2/2)
 i - a box of beasts
 O - a phial of floods
 S - a phantom mirror
 W - a condenser vane


   Skills:
 - Level 10.0 Fighting
 - Level 3.5(13.2) Axes
 + Level 18.9(19.0) Maces & Flails
 - Level 2.9 Throwing
 - Level 10.0 Armour
 - Level 1.7 Dodging
 - Level 15.0 Shields
 - Level 5.0 Evocations


You had 15 spell levels left.
You didn't know any spells.
Your spell library was empty.

Dungeon Overview and Level Annotations

Branches:
Dungeon (14/15)            Temple (0/1) D:4            Lair (6/6) D:9
  Swamp (0/4) Lair:4        Snake (0/4) Lair:2        Slime (0/5) Lair:5
    Orc (2/2) D:12            Elf (0/3) Orc:2        Vaults (0/5) D:13
  Sewer (visited)         Ossuary (visited)         Gauntlet (visited)

Altars:
Ashenzari
Cheibriados
Elyvilon
Fedhas
Kikubaaqudgha
Makhleb
Okawaru
Qazlal
Sif Muna
Trog
Uskayaw
Xom

Shops:
D:7 !   D:13 *   Orc:2 (*[*

Annotations:
Lair:3 2 transporters, exclusion: oklob plant, jejorda2's ghost, journeyman DDDe
Abyss:2 1 transporter


Innate Abilities, Weirdness & Mutations

You cannot be hasted, slowed, berserked, paralysed or teleported.
You can dig through walls and to a lower floor.
You have a pair of large antennae on your head. (SInv)
Your four strong arms can wield two-handed weapons with a shield.


Message History

A large abomination comes into view.
You see here 24 gold pieces.
You now have 1974 gold pieces (gained 24).
You barely miss the large abomination.
You block the large abomination's attack.
Your plate armour prevents you from hitting the large abomination.
You sock the large abomination!
The large abomination is moderately damaged.
The large abomination barely misses you.
You hit the large abomination.
The large abomination is moderately damaged.
You hit the large abomination but do no damage.
The large abomination is moderately damaged.
You block the large abomination's attack.
You sock the large abomination!
The large abomination is heavily damaged.
You thump the large abomination!
Lightning courses through the large abomination!!
You destroy the large abomination!
Trog accepts your kill.
A blizzard demon comes into view.
The blizzard demon gestures at you.
The freezing blast engulfs you but does no damage.
You are engulfed in freezing vapours.
You sock the blizzard demon!
The blizzard demon is lightly wounded.
You are engulfed in freezing vapours.
You block the blizzard demon's attack. x2
You sock the blizzard demon!
The blizzard demon is moderately wounded.
You are engulfed in freezing vapours.
The blizzard demon gestures at you. The bolt of lightning hits you!!
The bolt of lightning hits you!!!
* * * LOW HITPOINT WARNING * * *
The bolt of lightning hits the blizzard demon.
The blizzard demon completely resists.
Unknown command.
Okay, then.
The blizzard demon gestures at you. The bolt of cold hits you!!!
You die...

.... .#.## .
....#.#
#####...#..
.........
####.....#.#
..#....#2○##.#
#......@°##☼.#
....#..○°°..#
# #..###.°#..#
# ##.#.##°## #
. #... #...#{
. .####..#.#
.#####....##..
#.......#.#
#...
#.#.##..#.#
..#..


You could see a blizzard demon.

Vanquished Creatures
  2 tentacled starspawn (Abyss:2)
  Donald (Orc:2)
  An orc warlord (Orc:2)
  Nessos (Lair:5)
  A minotaur (Gauntlet)
  Harold (Orc:1)
  4 hydras
  2 boulder beetles
  Erolcha (Orc:1)
  A vault guard (D:13)
  A two-headed ogre (D:9)
  3 orc high priests (Orc:2)
  A deep elf knight (D:14)
  A thrashing horror (Abyss:2)
  A deep elf archer (D:13)
  A deep elf pyromancer (D:12)
  3 necromancers
  2 wizards (Gauntlet)
  4 orc knights (Orc:2)
  6 orc sorcerers
  2 ugly things
  2 worldbinders (Abyss:2)
  A smoke demon (Gauntlet)
  2 black mambas
  Maurice (D:12)
  20 cane toads
  2 torpor snails
  2 gargoyles
  2 rime drakes (Lair:6)
  8 komodo dragons
  An efreet (D:11)
  A red devil (Gauntlet)
  4 tyrant leeches (Lair:6)
  6 trolls
  9 slime creatures (D:12)
  3 polar bears
  2 raiju (Abyss:2)
  33 blink frogs
  4 dream sheep (Lair:5)
  A hornet (D:7)
  A spriggan (Lair:3)
  A meliai zombie (D:10)
  A wraith (D:11)
  A ynoxinul (Abyss:2)
  41 yaks
  5 wyverns
  5 shadows
  17 humans (D:13)
  6 basilisks
  A fire elemental (Lair:6)
  17 vampire mosquitoes
  A two-headed ogre zombie (D:12)
  6 wargs
  An acid dragon (D:9)
  5 nagas (Lair:2)
  2 large abominations (Abyss:2)
  14 water moccasins
  2 black bears (Lair:3)
  A black bear (shapeshifter) (Abyss:2)
  18 orc warriors
  A sky beast (D:7)
  An ice beast (D:7)
  Purgy (Sewer)
  9 ogres
  12 centaurs
  A necrophage (D:8)
  27 wolves
  3 phantoms
  16 bullfrogs
  15 scorpions
  A wyvern zombie (D:6)
  3 gnoll sergeants
  A wyvern skeleton (D:7)
  2 troll zombies (D:12)
  2 water moccasin skeletons (D:6)
  8 killer bees
  6 electric eels
  4 crimson imps (Gauntlet)
  3 howler monkeys
  3 centaur zombies
  A quasit (Abyss:2)
  2 hounds
  13 orc priests
  A bullfrog skeleton (D:5)
  2 gnoll shamans
  Crazy Yiuf (D:7)
  A human zombie (Ossuary)
  A jelly (D:7)
  3 iguanas
  A centaur skeleton (D:7)
  Ijyb (D:5)
  5 hell rats (Lair:2)
  13 orc wizards
  5 ogre zombies (D:12)
  3 mummies (Ossuary)
  A human simulacrum (D:9)
  Robin (D:4)
  23 gnolls
  11 adders
  3 river rats (Lair:2)
  A shadow imp (Gauntlet)
  6 white imps
  An ufetubus (Abyss:2)
  2 worms
  A dart slug (D:3)
  47 orcs
  10 ball pythons
  6 endoplasms
  7 giant cockroaches
  17 goblins
  8 hobgoblins
  4 jackals
  11 kobolds
  2 quokkas
  8 frilled lizards
  2 gnoll zombies (Ossuary)
  2 goblin skeletons (D:12)
  3 goblin zombies
  3 hobgoblin skeletons (D:12)
  6 hobgoblin zombies
  2 kobold zombies (Ossuary)
  3 orc skeletons (D:12)
  15 orc zombies
  17 rats
  A starspawn tentacle (Abyss:2)
686 creatures vanquished.

Vanquished Creatures (collateral kills)
  Saint Roka (Orc:2)
  Frances (D:12)
  Gastronok (Lair:2)
  Snorg (D:10)
  A two-headed ogre (D:9)
  An orc priest (Orc:2)
  3 orcs (Orc:2)
9 creatures vanquished.

Vanquished Creatures (others)
  A human simulacrum (D:9)
  49 fungi
  70 plants
  2 starspawn tentacles (Abyss:2)
122 creatures vanquished.

Grand Total: 817 creatures vanquished

Notes
Turn   | Place    | Note
-------+----------+-------------------------------------------
     0 | D:1      | SnakkuSnakku7 the Formicid Berserker began the quest for
                  | the Orb.
     0 | D:1      | Reached XP level 1. HP: 18/18 MP: 1/1
   201 | D:1      | Reached XP level 2. HP: 24/24 MP: 2/2
   573 | D:1      | Reached skill level 1 in Throwing
  1202 | D:2      | Reached XP level 3. HP: 29/29 MP: 3/3
  1404 | D:2      | Noticed a phantom
  1457 | D:2      | Reached ** piety under Trog
  1693 | D:2      | Reached XP level 4. HP: 35/35 MP: 4/4
  1826 | D:2      | Reached skill level 1 in Shields
  2195 | D:3      | Found a white marble altar of Elyvilon.
  2224 | D:3      | Found a hide-covered altar of Uskayaw.
  2255 | D:3      | Found a stormy altar of Qazlal.
  2292 | D:3      | Found a bloodstained altar of Trog.
  2456 | D:3      | Reached XP level 5. HP: 34/41 MP: 5/5
  2622 | D:2      | Killed a phantom
  2623 | D:2      | Reached skill level 2 in Maces & Flails
  2723 | D:3      | Reached XP level 6. HP: 32/47 MP: 6/6
  2746 | D:3      | Found a faded altar of an unknown god.
  2941 | D:3      | Reached skill level 3 in Maces & Flails
  2971 | D:3      | Found a broken altar of Ashenzari.
  3288 | D:4      | Found a staircase to the Ecumenical Temple.
  3312 | D:4      | Noticed Robin
  3321 | D:4      | Killed Robin
  3354 | D:4      | Found a blossoming altar of Fedhas.
  3354 | D:4      | Found a shimmering altar of Xom.
  3625 | D:4      | Reached *** piety under Trog
  3826 | D:5      | Entered Level 5 of the Dungeon
  3826 | D:5      | Noticed Ijyb
  3837 | D:5      | Killed Ijyb
  3838 | D:5      | Reached XP level 7. HP: 49/52 MP: 7/7
  3882 | D:5      | Reached skill level 4 in Maces & Flails
  3882 | D:5      | Reached skill level 5 in Shields
  4166 | D:5      | Found a glowing drain.
  4172 | Sewer    | Entered a sewer
  4238 | Sewer    | Noticed Purgy
  4261 | Sewer    | Killed Purgy
  4262 | Sewer    | Reached skill level 5 in Maces & Flails
  4262 | Sewer    | Reached XP level 8. HP: 46/58 MP: 8/8
  5440 | D:6      | Identified the ring of Darkness {rElec rF+ rC+ Slay-4 SInv}
  5594 | D:6      | Found an iron altar of Okawaru.
  5600 | D:6      | Reached skill level 6 in Maces & Flails
  5615 | D:6      | Reached **** piety under Trog
  5648 | D:6      | Found a runed translucent door.
  5649 | D:6      | Found a runed translucent door.
  5680 | D:6      | Reached XP level 9. HP: 27/64 MP: 9/9
  5930 | D:6      | Reached skill level 7 in Maces & Flails
  6094 | D:6      | Found a snail-covered altar of Cheibriados.
  6530 | D:7      | Found an ancient bone altar of Kikubaaqudgha.
  6553 | D:7      | Found a sand-covered staircase.
  6559 | Ossuary  | Entered an ossuary
  6638 | Ossuary  | Reached skill level 8 in Maces & Flails
  6776 | Ossuary  | Reached skill level 10 in Shields
  7058 | D:7      | Found a shimmering blue altar of Sif Muna.
  7085 | D:7      | Reached XP level 10. HP: 70/70 MP: 10/10
  7152 | D:7      | Found a runed translucent door.
  7153 | D:7      | Noticed Crazy Yiuf
  7170 | D:7      | Killed Crazy Yiuf
  7234 | D:7      | Found Hihamnam's Distillery.
  7249 | D:7      | Bought a potion of heal wounds for 60 gold pieces
  7249 | D:7      | Bought a potion of curing for 36 gold pieces
  7249 | D:7      | Bought a potion of curing for 36 gold pieces
  7249 | D:7      | Bought a potion of curing for 36 gold pieces
  7281 | D:7      | Reached ***** piety under Trog
  7361 | D:7      | Reached skill level 9 in Maces & Flails
  8362 | D:8      | Received a gift from Trog
  8435 | D:9      | Reached skill level 10 in Maces & Flails
  8795 | D:9      | Noticed a two-headed ogre
  8807 | D:9      | Killed a two-headed ogre
  8808 | D:9      | Reached XP level 11. HP: 57/75 MP: 11/11
  8938 | D:9      | Noticed a two-headed ogre
  8973 | D:9      | Killed a two-headed ogre
  8974 | D:9      | Reached skill level 11 in Maces & Flails
  9362 | D:9      | Found a staircase to the Lair.
  9417 | D:10     | Entered Level 10 of the Dungeon
  9765 | D:10     | Noticed Snorg
  9792 | D:10     | Killed Snorg
 10471 | D:10     | Found a burning altar of Makhleb.
 10787 | D:10     | Identified the +1 robe "Siklos" {Stlth+}
 10886 | Lair:1   | Entered Level 1 of the Lair of Beasts
 11166 | Lair:1   | Reached XP level 12. HP: 68/81 MP: 12/12
 11174 | Lair:1   | Reached skill level 15 in Shields
 11495 | Lair:1   | Reached skill level 5 in Armour
 12140 | Lair:2   | Identified the +9 whip of Premature Burial {vorpal, Will+}
 12153 | Lair:2   | Noticed Gastronok
 12401 | Lair:2   | Killed Gastronok
 13294 | Lair:2   | Found a staircase to the Snake Pit.
 13315 | Lair:2   | Reached skill level 10 in Armour
 13730 | Lair:3   | Reached skill level 5 in Fighting
 13730 | Lair:3   | Reached XP level 13. HP: 89/91 MP: 13/13
 13964 | Lair:3   | Noticed jejorda2's ghost (journeyman DDDe)
 14135 | Lair:3   | Found a transporter.
 14190 | Lair:3   | Found a transporter.
 14473 | Lair:3   | Identified the +4 ring mail of the Ladybird {Int+3}
 14817 | Lair:4   | Found a staircase to the Swamp.
 15380 | Lair:4   | Reached skill level 10 in Fighting
 15388 | Lair:4   | Reached skill level 1 in Evocations
 15772 | Lair:5   | Identified the ring "Wapnoid" {Fire rPois Will- Str+3}
 15916 | Lair:5   | Noticed an eight-headed hydra
 15931 | Lair:5   | Killed an eight-headed hydra
 16001 | Lair:5   | Identified the +8 flail of Watchfulness {vorpal, +Blink rC+
                  | rN++ Stlth+}
 16154 | Lair:5   | Reached skill level 12 in Maces & Flails
 16354 | Lair:5   | Noticed a five-headed hydra
 16361 | Lair:5   | Killed a five-headed hydra
 16541 | Lair:5   | Noticed Nessos
 16548 | Lair:5   | Killed Nessos
 16629 | Lair:5   | Found a staircase to the Slime Pits.
 16765 | Lair:6   | Entered Level 6 of the Lair of Beasts
 16782 | Lair:6   | Received a gift from Trog
 16783 | Lair:6   | Reached XP level 14. HP: 104/110 MP: 14/14
 16890 | Lair:6   | Reached skill level 13 in Maces & Flails
 17630 | Lair:6   | Reached skill level 5 in Evocations
 17740 | Lair:6   | Reached skill level 14 in Maces & Flails
 17892 | Lair:6   | Identified the +7 quarterstaff of Leogiy {freeze, *Corrode
                  | rC+ rN+ Dex+3}
 18742 | D:11     | Reached skill level 15 in Maces & Flails
 19214 | D:12     | Found a staircase to the Orcish Mines.
 19238 | D:12     | Reached ****** piety under Trog
 19306 | D:12     | Found a gate leading to a gauntlet.
 19322 | Gauntlet | Entered a Gauntlet
 19322 | Gauntlet | Found a transporter.
 19322 | Gauntlet | Found a transporter.
 19322 | Gauntlet | Found a transporter.
 19449 | Gauntlet | Found a transporter.
 19460 | Gauntlet | Found a transporter.
 19462 | Gauntlet | Found a transporter.
 19470 | Gauntlet | Found a transporter.
 19488 | Gauntlet | Found a transporter.
 19505 | Gauntlet | Found a transporter.
 19513 | Gauntlet | Found a transporter.
 19525 | Gauntlet | Found a transporter.
 19555 | Gauntlet | Received a gift from Trog
 19593 | Gauntlet | Found a transporter.
 19716 | Gauntlet | Noticed a minotaur
 19732 | Gauntlet | Killed a minotaur
 19769 | D:12     | Reached XP level 15. HP: 102/115 MP: 15/15
 19797 | D:12     | Noticed Frances
 19807 | D:12     | Killed Frances
 19808 | D:12     | Reached skill level 16 in Maces & Flails
 20801 | Orc:1    | Entered Level 1 of the Orcish Mines
 20827 | Orc:1    | Noticed Maurice
 20844 | D:12     | Killed Maurice
 20891 | Orc:1    | Noticed Harold
 20901 | Orc:1    | Killed Harold
 21047 | Orc:2    | Entered Level 2 of the Orcish Mines
 21097 | Orc:2    | Noticed Donald
 21114 | Orc:2    | Killed Donald
 21171 | Orc:2    | Found a staircase to the Elven Halls.
 21294 | Orc:2    | Noticed Saint Roka
 21391 | Orc:2    | Killed Saint Roka
 21392 | Orc:2    | Reached skill level 17 in Maces & Flails
 21747 | Orc:2    | Received a gift from Trog
 22001 | Orc:1    | Noticed an orc warlord
 22020 | Orc:2    | Killed an orc warlord
 22031 | Orc:1    | Noticed Erolcha
 22042 | Orc:1    | Killed Erolcha
 22844 | Orc:2    | Reached skill level 18 in Maces & Flails
 22936 | Orc:2    | Found Axkuunuf's Weapon Shoppe.
 22940 | Orc:2    | Found Domufy's Assorted Antiques.
 22946 | Orc:2    | Bought a potion of attraction for 78 gold pieces
 22946 | Orc:2    | Found Zoteuj's Armour Boutique.
 22948 | Orc:2    | Found Doilyluot's Assorted Antiques.
 22954 | Orc:2    | Bought a +0 pair of boots for 63 gold pieces
 23142 | D:13     | Received a gift from Trog
 23147 | D:13     | Found Vaupt's General Store.
 23155 | D:13     | Bought a scroll of magic mapping for 42 gold pieces
 23259 | D:13     | Found a gate to the Vaults.
 23623 | D:13     | Reached XP level 16. HP: 106/122 MP: 13/16
 23738 | D:13     | Cast into level 2 of the Abyss (a wizard)
 23768 | Abyss:2  | Noticed a tentacled starspawn
 23776 | Abyss:2  | Found a corrupted altar of Lugonu.
 23777 | Abyss:2  | Noticed a tentacled monstrosity
 23777 | Abyss:2  | Noticed a tentacled starspawn
 23781 | Abyss:2  | Found a transporter.
 23885 | Abyss:2  | Noticed a tentacled starspawn
 23890 | Abyss:2  | Killed a tentacled starspawn
 23966 | Abyss:2  | Noticed a tentacled starspawn
 23972 | Abyss:2  | Killed a tentacled starspawn
 24081 | Abyss:2  | Killed from afar by a blizzard demon

Illustrated notes

Levels and vault maps discovered:
D:1:      psy_arrival_fountain, layout_basic, amcnicky_mini_corridor_feature,
          chequers_serial_rivers_room_a, wad_floor_pattern_2,
          lemuel_flame_loot_1
D:2:      layout_basic, minmay_strange_pillars, minmay_fractal_squares_5
D:3:      layout_basic, mainiacjoe_overflow_two_lobes, minitemple,
          evilmike_ruin_ashenzari, shapermc_ecumenical_altar_acropolis
D:4:      layout_gridville, mainiacjoe_overflow_divided_tiny,
          minmay_temple_entry_grid, uniq_robin
D:5:      layout_loops_corners, portal_sewer_entry_e, uniq_ijyb
D:6:      lemuel_insect_pit, layout_basic, okawaru_altar_gauntlet_db,
          general_overflow_altar
D:7:      layout_cave_pools, mainiacjoe_overflow_alcove_1,
          kiku_gazebo_garden_becter, serial_gnoll_camp, gnoll_camp_mini_hut,
          gnoll_camp_mini_hut, gnoll_camp_huts_basic, gnoll_camp_mini_shop,
          enter_ossuary_5, uniq_crazy_yiuf_cottage
D:8:      layout_basic
D:9:      layout_roguey, lair_entry_dummy, bh_circular_ruins
D:10:     layout_basic, lightli_temple_of_fire, uniq_snorg
D:11:     layout_roguey
D:12:     layout_basic, zombieorc2_lemuel, gauntlet_entry_generic, uniq_frances
D:13:     layout_long_grid, grunt_vaults_entry_tiered, serial_shops, shop,
          nicolae_shop_trees, shop_statue, shop, shop
D:14:     layout_loops_ring
Lair:1:   layout_cave_pods
Lair:2:   layout_cave_pods, minmay_snake_entry_guardpost_medium,
          kennysheep_abandoned_house, uniq_gastronok
Lair:3:   layout_loops_ring, gammafunk_ghost_berserking_beasts,
          grunt_forest_stairs_clearing, grunt_megastairs_2
Lair:4:   layout_concentric_octagons, minmay_swamp_entry_swarm,
          serial_bayou_shore_b, lemuel_fruit_fields
Lair:5:   layout_loops_ring, dpeg_slime_entry_corner, wad_woods_river_01,
          uniq_nessos
Lair:6:   minmay_lair_end_frog_pond, layout_gridlike
Orc:1:    layout_caves, uniq_erolcha, uniq_harold, uniq_maurice
Orc:2:    st_orc_elflike, layout_diamond_mine, uniq_donald, uniq_saint_roka
Abyss:2:  base: Lair:5, gammafunk_corrupted_shrine, evilmike_abyss_exit_chaos,
          gammafunk_corrupted_shrine, gammafunk_corrupted_shrine

Skill      XL: |  1  2  3  4  5  6  7  8  9 10 11 12 13 14 15 |
---------------+----------------------------------------------+-----
Throwing       | 1 2 |  2.9
Shields        | 1 3 4 6 8 10 12 14 15 | 15.0
Maces & Flails | 2 3 5 6 8 10 11 12 15 18 | 18.9
Armour         | 10 | 10.0
Fighting       | 5 10 | 10.0
Evocations     | 4 5 |  5.0
Axes           | |  3.5
Dodging        | |  1.7

Action                   |  1- 3 |  4- 6 |  7- 9 | 10-12 | 13-15 | 16-18 || total
-------------------------+-------+-------+-------+-------+-------+-------++-------
Melee: Hand axe          |    41 |       |       |       |       |       ||    41
       Dagger            |    37 |    72 |       |       |       |       ||   109
       Whip              |       |    93 |   393 |   860 |   301 |       ||  1647
       Flail             |       |       |       |       |   730 |       ||   730
       Great mace        |       |       |       |       |   253 |    88 ||   341
Throw: Dart              |     3 |     1 |     8 |    57 |       |       ||    69
Invok: Brothers in Arms  |       |       |       |     3 |     2 |       ||     5
       Trog's Hand       |       |       |       |       |     1 |       ||     1
 Abil: Dig               |       |       |       |     4 |    17 |       ||    21
Evoke: Phial of floods   |       |       |       |     1 |     1 |       ||     2
       Wand              |       |       |       |     1 |     8 |       ||     9
       Tin of tremorston |       |       |       |       |     2 |       ||     2
       Phantom mirror    |       |       |       |       |     1 |       ||     1
       Condenser vane    |       |       |       |       |     1 |       ||     1
  Use: Scroll            |       |       |    11 |    14 |    16 |     1 ||    42
       Potion            |       |       |     1 |       |     2 |       ||     3
 Stab: Sleeping          |     2 |       |       |       |       |       ||     2
Armor: Animal skin       |    10 |       |       |       |       |       ||    10
       Scale mail        |     4 |    41 |    22 |       |       |       ||    67
       Plate armour      |       |       |    38 |    99 |   257 |    29 ||   423
Dodge: Dodged            |    32 |    41 |    25 |    45 |   148 |    15 ||   306
Block: Other             |     9 |     8 |       |       |       |       ||    17
       Tower shield      |       |    76 |   370 |   681 |  1001 |    72 ||  2200
       Reflection        |       |       |     9 |    23 |     4 |       ||    36
